Orko, chaotic female orcish Wizard ---------- |........| |........| #-........| #---------- ### # # #o# # @ # ### # # # #### # ----- -.--- --------------# #-...| |...| |.....<......-# ###|...| |....########.............| # |...| |...| |............-#### |...| --|-- ---------|---- ----- # Orko the Evoker Experience level: 2 Strength: 15 Dexterity: 13 Constitution: 16 Intelligence: 16 Wisdom: 7 Charisma: 8 Health: 0(21) Energy: 1(18) Def: 1 Gold: 293 Moves: 658 Dungeon seed: yuh1O4_lyIIPFTLN Game ID: Orko_1570961516 Your Inventory: Spellbooks l - a blessed spellbook of force bolt m - an uncursed spellbook of healing Rings C - an uncursed ring of stealth (on left hand) D - an uncursed ring of sustain ability Armor n - a blessed +0 cloak of magic resistance (being worn) Weapons a - a cursed -3 axe (weapon in hand) b - a blessed +1 quarterstaff (alternate weapon; not wielded) c - an uncursed +0 orcish dagger q - a cursed -1 elven dagger (in quiver) Wands B - an uncursed wand of light (0:11) Potions f - an uncursed potion of sickness g - an uncursed potion of paralysis r - an uncursed potion of water Scrolls i - an uncursed scroll of identify j - a blessed scroll of food detection k - an uncursed scroll of light Comestibles M - 2 uncursed food rations Tools p - an uncursed blindfold Coins $ - 293 gold pieces Spells and supernatural/magical abilities: Name Level Category Fail Memory a - force bolt 1 attack 0% 97% h - healing 1 healing 0% 97% W - pray for help -- divine ? -- Your skills at the end: Fighting Skills Weapon Skills quarterstaff [Basic] Spellcasting Skills attack spells [Basic] enchantment spells [Basic] Final Attributes: You were devoutly aligned. You were poison resistant. You were magic-protected. You were hallucinating. You had infravision. You were stealthy. You were lucky. You are dead. Vanquished creatures: a gas spore 4 manes a hobgoblin a brown mold a gecko a fox a goblin and a partridge in a pear tree 10 creatures vanquished. Voluntary challenges: You were an atheist. You used a wielded weapon 10 times, starting on turn 354. You were illiterate. You never genocided any monsters. You never polymorphed an object. You never changed form. You used no wishes. You never split a pudding. You never wrote Elbereth's name. You violated your moral code, losing 10 points of alignment, starting on turn 350. You abstained from Elbereth's help. You werepermanently hallucinating. Dungeon overview: The Dungeons of Doom: levels 1 to 5 Level 1 a long staircase Level 2 Level 3 a fountain Level 4 Level 5 <- You were here History has recorded: On T:1 you entered the Dungeons of Doom to retrieve the Amulet of Yendor! On T:65 you reached level 2 of The Dungeons of Doom. On T:130 you reached level 3 of The Dungeons of Doom. On T:195 you reached level 4 of The Dungeons of Doom. On T:422 you reached level 5 of The Dungeons of Doom. On T:476 you advanced to experience level 2. Score breakdown: Gold: 293 ( 8396 points) Experience: 2 levels ( 5570 points) Exploration: 5 levels ( 10.20%) ( 8660 points) Discoveries: 0 items ( 0.00%) ( 0 points) Valuables value: (no points given unless you survive) Artifact value: 0 ( 0 points) Variety of kills: 7 monsters ( 1.84%) ( 4066 points) Turncount: 658 turns ( 0 points) Survival: died (score multiplied by 80%) Total score: 21353 Latest messages: Moving: c - an orcish dagger. The gas spore bites! The kobold shaman bites! You miss it. Godzilla bites! The elf mummy bites! You feel better. The lich bites! The baby gray dragon bites! The killer bee bites! The potion of paralysis misses it. An uncursed potion of paralysis shatters! You smell a peculiar odor... Something seems to be holding you. The Elvenking bites! Godzilla bites! The vrock bites! The Olog-hai bites! You die... Final status: Goodbye Orko the Wizard, killed by a hallucinogen-distorted little dog, while frozen by potion vapours... You died in The Dungeons of Doom on dungeon level 5 with 21353 points, and 293 pieces of gold, after 658 moves. You were level 2 with a maximum of 21 hit points when you died.